 Dungeon Crawl Stone Soup version 0.28-a0-178-ga708605c5b (webtiles) character file.

Game seed: 1519570177194404193

991 siradein the Ruffian (level 7, -1/52 HPs)
             Began as a Pale Draconian Transmuter on Aug 18, 2021.
             Slain by a killer bee (3 damage)
             ... on level 5 of the Dungeon.
             The game lasted 00:11:51 (5795 turns).

siradein the Ruffian (Pale Draconian Transmuter)    Turns: 5795, Time: 00:11:52

Health: -1/52      AC:  6    Str: 14    XL:     7   Next: 98%
Magic:  9/10       EV: 11    Int: 17    God:
Gold:   235        SH:  0    Dex:  8    Spells: 4/10 levels left

rFire   . . .      SeeInvis .   q - +5 spear of Articulation {vamp, Int+4 Dex-4}
rCold   . . .      Faith    .   (no shield)
rNeg    . . .      Spirit   .   (armour unavailable)
rPois   .          Reflect  .   (helmet currently unavailable)
rElec   .          Harm     .   j - scarf {+Inv}
rCorr   +          Rampage  .   (no gloves)
Will    .....                   (boots currently unavailable)
Stlth   +.........              s - amulet of regeneration
HPRegen 1.17/turn               h - ring of resist corrosion
MPRegen 0.12/turn               (no ring)

@: lethally poisoned (-1 -> -4), appendages (expiring), wereblooded
A: horns 2, talons 2, breathe steam, AC +6, unfitting armour, cold-blooded,
steam resistance
a: Breathe Steam, End Transformation, Evoke Invisibility


You were on level 5 of the Dungeon.
You had temporarily grown beastly horns and talons.
You visited 1 branch of the dungeon, and saw 5 of its levels.

You collected 235 gold pieces.

Inventory:

Hand Weapons
 q - the +5 spear of Articulation (weapon) {vamp, Int+4 Dex-4}
   (You found it on level 4 of the Dungeon)

   It occasionally heals its wielder for a portion of the damage dealt when it
   wounds a living foe.
   Int:       It affects your intelligence (+4).
   Dex:       It affects your dexterity (-4).
Armour
 j - a scarf of invisibility (worn)
Jewellery
 h - a ring of resist corrosion (left hand)
 k - an amulet of the acrobat
 s - an amulet of regeneration (around neck)
Scrolls
 b - 2 scrolls of enchant armour {unknown}
 f - 2 scrolls of fear {unknown}
 i - a scroll of amnesia {unknown}
 l - a scroll of magic mapping {unknown}
 m - a scroll of acquirement {unknown}
 n - a scroll of brand weapon {unknown}
 o - a scroll of vulnerability {unknown}
 p - 4 scrolls of identify {unknown}
 r - a scroll of noise {unknown}
Potions
 a - a potion of heal wounds {unknown}
 c - 5 potions of curing {unknown}
 d - 2 potions of brilliance {unknown}
 e - a potion of might {unknown}
 g - 2 potions of mutation {unknown}
 t - a potion of haste {unknown}


   Skills:
 - Level 1.1 Fighting
 - Level 1.7 Dodging
 + Level 7.2 Unarmed Combat
 - Level 2.0 Spellcasting
 + Level 6.8 Transmutations


You had 4 spell levels left.
You knew the following spells:

 Your Spells              Type           Power      Damage    Failure   Level
a - Beastly Appendage     Tmut           48%        N/A       1%          1
b - Wereblood             Tmut           24%        N/A       1%          2
c - Spider Form           Tmut/Pois      6%         N/A       14%         3

Your spell library contained the following spells:

 Spells                   Type           Power      Damage    Failure   Level
 Freeze                   Ice            4%         1d3       19%         1
 Slow                     Hex            1%         N/A       28%         2
 Ice Form                 Ice/Tmut       13%        N/A       43%         4
 Call Canine Familiar     Summ           1%         N/A       50%         3
 Confusing Touch          Hex            1%         N/A       50%         3
 Frozen Ramparts          Ice            2%         1d2       50%         3
 Portal Projectile        Hex/Tloc       2%         N/A       50%         3
 Hailstorm                Conj/Ice       1%         3d3       88%         4
 Leda's Liquefaction      Hex/Erth       0%         N/A       88%         4
 Yara's Violent Unravell  Hex/Tmut       6%         3d5       80%         5


Dungeon Overview and Level Annotations

Branches:
Dungeon (5/15)
 Temple: D:4-7

Altars:
Kikubaaqudgha
Nemelex Xobeh
Wu Jian
The Shining One

Shops:
D:2 [


Innate Abilities, Weirdness & Mutations

You have temporarily grown beastly horns and talons.
You can breathe blasts of scalding, opaque steam.
Your pale cyan-grey scales are hard. (AC +6)
You cannot fit into any form of body armour.
You are cold-blooded and may be slowed by cold attacks.
You are immune to the effects of steam.


Message History

The killer bee is heavily wounded.
You feel sick. The killer bee stings you.
You are more poisoned.
The killer bee poisons you! The killer bee barely misses you.
You are too injured to fight recklessly!
You are too injured to fight recklessly!
You are too injured to fight recklessly!
You are too injured to fight recklessly!
You are too injured to fight recklessly!
You closely miss the killer bee.
The killer bee is heavily wounded.
You feel very sick.
The killer bee stings you but does no damage.
The killer bee stings you.
You miss the killer bee. You headbutt the killer bee.
The killer bee is severely wounded.
You feel very sick. The killer bee stings you.
* * * LOW HITPOINT WARNING * * *
The killer bee stings you.
* * * LOW HITPOINT WARNING * * *
The killer bee barely misses you.
You completely miss the killer bee. Your kick misses the killer bee.
The killer bee is severely wounded.
You feel very sick. The killer bee barely misses you.
The killer bee stings you but does no damage.
You miss the killer bee. Your kick misses the killer bee.
Your tail-slap misses the killer bee.
The killer bee is severely wounded.
Your transformation is almost over.
You feel sick. The killer bee barely misses you. The killer bee stings you.
* * * LOW HITPOINT WARNING * * *
You are lethally poisoned!
The killer bee poisons you!
You miss the killer bee.
The killer bee is severely wounded.
* * * LOW HITPOINT WARNING * * *
You feel sick. The killer bee stings you.
You die...

#+### #..........#
#..........## .
#...........# ..###+#
#...........# .......
#............ .......
#..........#. .......
#..........#.
......y########..........#.
(.....Syyy@..........#.....
.......#########........##.
....... #........##.
...?... #.#......##.
....... #.+......+..
....... ###......###
....### #.......#. ....
#.(.....#. #.......#.


You could see 4 killer bees and an adder.

Vanquished Creatures
  An ogre (D:4)
  3 necrophages
  A centaur (D:5)
  A scorpion (D:5)
  A hound (D:4)
  A centaur skeleton (D:4)
  2 jellies
  5 orc priests
  2 iguanas
  An orc wizard (D:4)
  6 adders
  An ufetubus (D:5)
  An adder skeleton (D:4)
  2 worms
  2 dart slugs (D:4)
  8 orcs
  8 endoplasms
  2 giant cockroaches
  11 goblins
  6 hobgoblins
  6 jackals
  5 quokkas
  7 ball pythons
  7 bats
  4 frilled lizards
  7 kobolds
  2 rats
  A spectral goblin (D:2)
104 creatures vanquished.

Vanquished Creatures (others)
  A plant (D:3)
1 creature vanquished.

Grand Total: 105 creatures vanquished

Notes
Turn   | Place    | Note
-------+----------+-------------------------------------------
     0 | D:1      | siradein the Draconian Transmuter began the quest for the
                  | Orb.
     0 | D:1      | Reached XP level 1. HP: 16/16 MP: 3/3
   174 | D:1      | Reached XP level 2. HP: 23/23 MP: 3/5
  1225 | D:2      | Reached XP level 3. HP: 15/28 MP: 4/6
  1521 | D:2      | Found a faded altar of an unknown god.
  1553 | D:2      | Found Byud's Antique Armour Emporium.
  1804 | D:2      | Reached skill level 4 in Unarmed Combat
  1933 | D:2      | Reached XP level 4. HP: 35/35 MP: 5/7
  2119 | D:3      | Learned a level 2 spell: Wereblood
  2179 | D:3      | HP: 1/35 [orc (5)]
  2894 | D:3      | Found an ancient bone altar of Kikubaaqudgha.
  2985 | D:3      | Found a sparkling altar of Nemelex Xobeh.
  3227 | D:3      | Found an ornate altar of the Wu Jian Council.
  3667 | D:4      | Noticed a necrophage
  3681 | D:3      | Killed a necrophage
  3682 | D:3      | Reached XP level 5. HP: 36/40 MP: 6/8
  3699 | D:4      | Reached skill level 5 in Unarmed Combat
  4049 | D:4      | Found a glowing golden altar of the Shining One.
  4080 | D:4      | Reached XP level 6. HP: 47/47 MP: 7/9
  4293 | D:4      | Reached skill level 5 in Transmutations
  4505 | D:4      | Identified the +5 spear of Articulation {vamp, Int+4 Dex-4}
  4731 | D:4      | Reached skill level 6 in Unarmed Combat
  4837 | D:4      | Your scales start taking on a pale cyan-grey colour.
  4837 | D:4      | Reached XP level 7. HP: 44/52 MP: 10/10
  4837 | D:4      | Gained mutation: You are immune to the effects of steam.
                  | [Pale Draconian growth]
  4943 | D:4      | Learned a level 3 spell: Spider Form
  5207 | D:5      | Entered Level 5 of the Dungeon
  5490 | D:5      | Reached skill level 7 in Unarmed Combat
  5795 | D:5      | HP: 2/52 [poisoned by a killer bee]
  5795 | D:5      | Slain by a killer bee

Illustrated notes

Levels and vault maps discovered:
D:1:      dpeg_arrival_solitude, layout_loops_cross
D:2:      layout_basic, serial_shops, nicolae_shop_overgrown_old_shop,
          dreamdust_ecumenical_altar_drowned_temple
D:3:      layout_basic, mainiacjoe_overflow_24_doors,
          mainiacjoe_overflow_alcove_1, nicolae_wu_jian_glorious_leap,
          chequers_big_river
D:4:      minmay_thinvault, layout_basic, tso_oasis_becter, kennysheep_donut,
          st_stairs_7
D:5:      layout_basic, uniq_ijyb

Skill      XL: |  1  2  3  4  5  6  7 |
---------------+----------------------+-----
Transmutations | 3 4 5 6 |  6.8
Unarmed Combat | 4 5 6 7 |  7.2
Fighting       | |  1.1
Dodging        | |  1.7
Spellcasting   | |  2.0

Action                   |  1- 3 |  4- 6 |  7- 9 || total
-------------------------+-------+-------+-------++-------
Melee: Unarmed           |   111 |    82 |       ||   193
       Kick              |    21 |    20 |    15 ||    56
       Headbutt          |    11 |    16 |    11 ||    38
       Tailslap          |     5 |    16 |     4 ||    25
       Punch             |     1 |     4 |     1 ||     6
       Spear             |       |    49 |   114 ||   163
 Cast: Beastly Appendage |    27 |    23 |    15 ||    65
       Wereblood         |       |       |     1 ||     1
 Stab: Sleeping          |       |       |     1 ||     1
Armor: Skin              |    29 |    46 |    42 ||   117
Dodge: Dodged            |    89 |    81 |    87 ||   257

Table legend: (Time is in decaauts)
 A = Elapsed time spent in this place.
 B = Non-inter-level travel time spent in this place.
 C = Inter-level travel time spent in this place.
 D = Time resting spent in this place.
 E = Time spent auto-exploring this place.
 F = Levels seen in this place.
 G = Mean time per level.
                   A        B        C        D        E       F      G
               +--------+--------+--------+--------+--------+-----+--------+
         Total |   5824 |   5716 |    108 |    751 |   3909 |   5 | 1164.8 |
       Dungeon |   5824 |   5716 |    108 |    751 |   3909 |   5 | 1164.8 |
               +--------+--------+--------+--------+--------+-----+--------+

Top non-repeatable levels by time:
     D:4: 1592 daAuts
     D:2: 1427 daAuts
     D:1: 1183 daAuts
     D:3: 1088 daAuts
     D:5: 534 daAuts
